 Dungeon Crawl Stone Soup version 0.31-a0-1178-gc5c9b8f871 (webtiles) character file.

Game seed: 2370361433844483619

101480 Ge0ff the Markskobold (level 16, -30/108 HPs)
             Began as a Kobold Reaver on Dec 11, 2023.
             Was a Believer of Okawaru.
             Killed from afar by an occultist (73 damage)
             ... with a fireball
             ... on level 15 of the Dungeon.
             The game lasted 00:59:05 (26323 turns).

Ge0ff the Markskobold (Kobold Reaver)              Turns: 26323, Time: 00:59:07

Health: -30/108    AC: 21    Str: 11    XL:     16   Next: 82%
Magic:  22/23      EV: 22    Int: 16    God:    Okawaru [**....]
Gold:   920        SH:  0    Dex: 26    Spells: 13/21 levels left

rFire   x . .        a - +4 arbalest "Cofof" {elec, ^Contam rElec Str+2 Dex+2}
rCold   . . .        (shield currently unavailable)
rNeg    . . .        A - +0 swamp dragon scales
rPois   +            Q - +0 helmet
rElec   +            r - +4 cloak "Cuih Aca" {rElec}
rCorr   .            G - +2 pair of gloves
SInv    .            L - +0 pair of boots
Will    ++...        t - amulet of regeneration
Stlth   +++          D - ring of willpower
HPRegen 1.18/turn    n - ring "Utublaps" {Fly rElec rF- Dex+4 Slay+4, =R}
MPRegen 0.18/turn

%: no passive effects
@: flying
A: small, no large weapons, nightstalker 3
a: Renounce Religion, Heroism


You were on level 15 of the Dungeon.
You worshipped Okawaru.
Okawaru was pleased with you.
You visited 4 branches of the dungeon, and saw 23 of its levels.
You also visited: Trove and Volcano.

You collected 2541 gold pieces.
You spent 1621 gold pieces at shops.

Inventory:

Hand Weapons
 a - the +4 arbalest "Cofof" (weapon) {elec, ^Contam rElec Str+2 Dex+2}
   (You bought it in a shop on level 13 of the Dungeon)

   Str+2:     It affects your strength (+2).
   Dex+2:     It affects your dexterity (+2).
   rElec:     It insulates you from electricity.
   ^Contam:   It causes magical contamination when unequipped.
 b - the +6 orcbow "Towilikh" {flame, rN+ Str+3 SInv}
   (Okawaru gifted it to you on level 3 of the Lair of Beasts)

   Str+3:     It affects your strength (+3).
   rN+:       It protects you from negative energy.
   SInv:      It lets you see invisible.
 c - the +2 short sword of Neamnygi {elec, +Blink rPois rN+}
   (You found it on level 9 of the Dungeon)

   rPois:     It protects you from poison rN+: It protects you from negative
   energy.
   +Blink:    It lets you blink.
 l - the +7 shortbow of Hurting Slow Death {freeze, rF+ Int+2}
   (You found it in a treasure trove)

   Int+2:     It affects your intelligence (+2).
   rF+:       It protects you from fire.
 w - a +3 antimagic triple crossbow
 x - a +3 heavy arbalest
 S - the +6 dagger of the Whale {holy, Dex+3}
   (You found it on level 8 of the Dungeon)

   Dex+3:     It affects your dexterity (+3).
Missiles
 h - 20 boomerangs
 v - 3 curare-tipped darts {=F}
 C - 2 darts of dispersal
 J - 5 atropa-tipped darts
Armour
 g - the +1 ring mail "Coeg" {Fly Str-5 Int+6 Dex+3}
   (You found it on level 9 of the Dungeon)

   Str-5:     It affects your strength (-5).
   Int+6:     It affects your intelligence (+6).
   Dex+3:     It affects your dexterity (+3).
   Fly:       It grants you flight.
 r - the +4 cloak "Cuih Aca" (worn) {rElec}
   (Okawaru gifted it to you on level 3 of the Lair of Beasts)

   rElec:     It insulates you from electricity.
 A - +0 swamp dragon scales (worn)
 G - a +2 pair of gloves (worn)
 L - a +0 pair of boots (worn)
 Q - a +0 helmet (worn)
Jewellery
 i - an amulet of guardian spirit
 n - the ring "Utublaps" (right hand) {Fly rElec rF- Dex+4 Slay+4, =R}
   (You found it on level 4 of the Dungeon)

   [ring of flight]

   Dex+4:     It affects your dexterity (+4).
   Slay+4:    It affects your accuracy & damage with ranged weapons and melee
   (+4).
   rF-:       It makes you vulnerable to fire.
   rElec:     It insulates you from electricity.
   Fly:       It grants you flight.
 t - an amulet of regeneration (around neck)
 y - the ring "Syciucwein" {*Corrode rElec rPois rF- Dex+6}
   (You found it in a treasure trove)

   [ring of dexterity]

   Dex+6:     It affects your dexterity (+6).
   rF-:       It makes you vulnerable to fire.
   rElec:     It insulates you from electricity.
   rPois:     It protects you from poison *Corrode: It may corrode you when you
   take damage.
 D - a ring of willpower (left hand)
 O - a ring of protection from cold
 U - an amulet of reflection
 W - a ring of willpower
 Y - a ring of see invisible
Wands
 d - a wand of digging (9)
 f - a wand of flame (29)
 j - a wand of acid (10)
 k - a wand of iceblast (16)
 p - a wand of paralysis (12)
 s - a wand of mindburst (16)
Scrolls
 e - 2 scrolls of enchant armour
 m - 4 scrolls of revelation
 B - 3 scrolls of blinking
 E - 2 scrolls of fear
 F - 3 scrolls of fog
 T - 4 scrolls of teleportation
 V - 7 scrolls of vulnerability
Potions
 o - 11 potions of ambrosia
 q - 21 potions of curing
 u - 3 potions of mutation {!q}
 z - 4 potions of brilliance
 H - 2 potions of haste {!q}
 I - 3 potions of invisibility
 K - a potion of magic {!q}
 M - 4 potions of might
 N - a potion of cancellation {!q}
 P - 4 potions of heal wounds {!q}
 R - 4 potions of resistance
 X - 2 potions of enlightenment
 Z - 3 potions of berserk rage {!q}


   Skills:
 * Level 15.4 Fighting
 - Level 5.0 Short Blades
 + Level 19.2 Ranged Weapons
 - Level 6.0 Throwing
 + Level 8.7 Armour
 + Level 10.5 Dodging
 - Level 3.0 Stealth
 - Level 3.0 Spellcasting
 - Level 3.0 Conjurations
 - Level 3.0 Air Magic
 - Level 3.0 Poison Magic
 + Level 9.3 Invocations
 + Level 12.6 Evocations


You had 13 spell levels left.
You knew the following spells:

 Your Spells              Type           Power      Damage    Failure   Level
f - Mephitic Cloud        Conj/Pois/Air  12%        N/A       32%         3
B - Blink                 Tloc           4%         N/A       50%         2
C - Poisonous Vapours     Pois/Air       24%        N/A       17%         2
E - Kiss of Death         Conj/Necr      28%        2d7       21%         1

Your spell library contained the following spells:

 Spells                   Type           Power      Damage    Failure   Level
 Sting                    Tmut/Pois      28%        1d4       21%         1
 Momentum Strike          Conj/Tloc      14%        3d8       30%         2
 Swiftness                Air            12%        N/A       32%         3
 Ensorcelled Hibernation  Hex/Ice        4%         N/A       50%         2
 Passwall                 Tmut/Erth      1%         N/A       50%         2
 Sublimation of Blood     Necr           2%         N/A       50%         2
 Wereblood                Tmut           2%         N/A       50%         2
 Hailstorm                Conj/Ice       7%         3d5       52%         3
 Olgreb's Toxic Radiance  Pois           12%        N/A       73%         4
 Confusing Touch          Hex            2%         N/A       75%         3
 Frozen Ramparts          Ice            4%         1d1       75%         3
 Sticky Flame             Conj/Fire      7%         2d3       90%         4
 Dispel Undead            Necr           2%         3d7       98%         4
 Manifold Assault         Tloc           2%         N/A       98%         4
 Freezing Cloud           Conj/Ice/Air   4%         6-21      99%         5
 Lee's Rapid Deconstruct  Erth           1%         3d4*      100%        5
 Plasma Beam              Fire/Air       3%         2x1d13    100%        6
 Chain Lightning          Conj/Air       6%         3d8       100%        9
 Fire Storm               Conj/Fire      3%         8d1       100%        9
 Shatter                  Erth           1%         3d5*      100%        9
 Summon Lightning Spire   Summ/Air       Unusable   N/A       N/A         4
 Animate Armour           Summ/Erth      Unusable   N/A       N/A         4
 Summon Hydra             Summ           Unusable   N/A       N/A         7

Dungeon Overview and Level Annotations

Branches:
Dungeon (15/15) Zot: 26732  Temple (1/1) D:7 Zot: 5972    Lair (5/5) D:10 Zot: 23868
  Swamp (0/4) Lair:3        Snake (0/4) Lair:3        Slime (0/5) Lair:4
    Orc (2/2) D:9 Zot: 10255     Elf (0/3) Orc:2        Vaults (0/5) D:13
Volcano (visited)
 Depths: D:15

Altars:
Ashenzari
Cheibriados
Dithmenos
Elyvilon
Fedhas
Gozag
Hepliaklqana
Kikubaaqudgha
Makhleb
Nemelex Xobeh
Okawaru
Qazlal
Ru
Sif Muna
Trog
Uskayaw
Vehumet
Wu Jian
Xom
Yredelemnul
Zin
The Shining One
Jiyva

Shops:
D:6 ??[=   D:7 :   D:13 (   D:14 *   Orc:2 [*[*


Innate Abilities, Weirdness & Mutations

You are small and have problems with some larger weapons.
You are completely attuned to the shadows.


Message History

You see here a scroll of identify.
You now have 920 gold pieces (gained 28).
Things that are here:
a +0 long sword; an elf corpse
Found a scale mail.
You see here a scroll of identify.
What are your orders? t - Shout!
Orders for allies: a - Attack new target. r - Retreat! s - Stop attacking. g - Guard the area. f - Follow me.
Anything else - Cancel.
You shout for attention!
You hear a shout! x3
There is a stone staircase leading up here.
You start waiting.
A rakshasa comes into view. It is wielding a +0 trident.
You shoot a bolt. The bolt misses the rakshasa.
The rakshasa blinks!
You shoot a bolt. The bolt hits the rakshasa!!
The rakshasa is moderately wounded.
You shoot a bolt. The bolt hits the rakshasa.
The rakshasa is moderately wounded.
You shoot a bolt. The bolt hits the rakshasa!
Lightning courses through the rakshasa!
The rakshasa is severely wounded.
The injured rakshasa weaves a defensive illusion!
You hear a shout!
The rakshasa misses you.
An occultist comes into view. It is wielding a +0 dagger.
You hear a shout!
You shoot a bolt. The bolt hits the rakshasa!!!
Lightning courses through the rakshasa!
You kill the rakshasa!
The rakshasa shimmers and vanishes!
The rakshasa hits you from afar with a +0 trident.
The rakshasa completely misses you.
The rakshasa hits you from afar with a +0 trident. x2
You shoot a bolt. The bolt hits the rakshasa!!!
You kill the rakshasa!
Okawaru accepts your kill.
The rakshasa shimmers and vanishes!
The occultist casts a spell at you.
The fireball explodes!
The fireball engulfs you!!! The fire burns you terribly!
Ouch! That really hurt!
An orc sorcerer comes into view. It is wielding a +0 dagger.
The orc sorcerer shouts!
The occultist gestures at you while chanting.
The fireball explodes!
The fireball engulfs you!!!! The fire burns you terribly!
Ouch! That really hurt!
You die...

## .......
#.###'###..
.......
#.#.#o...#
#.....#..
#...p?..##
........#
#.....).##.
.!.....#
##...)......
.....)#
#.†@........
##...<###
###(..........
.#.#....#
.....(........
.#.#....#
##.........[..
.#.#D#..#
#........
<..#C#...
#........
#....##..
..#.....?
#........
#.##(....


You could see an occultist and an orc sorcerer.

Vanquished Creatures
  Jorgrun (D:12)
  Rupert (Lair:3)
  Kirke (D:12)
  An orc warlord (Orc:2)
  Nessos (D:14)
  A red draconian (Volcano)
  Snorg (D:12)
  Fannar (Lair:3)
  Josephine (D:15)
  A vault guard (D:13)
  Erolcha (D:10)
  A rakshasa (D:15)
  The ghost of noobster the Cleaver, a journeyman HuFi of Makhleb (D:9)
  A boulder beetle (D:14)
  5 hydras
  3 two-headed ogres
  Erica (D:8)
  7 centaur warriors
  6 death yaks (Lair:4)
  2 tengu warriors
  2 orc high priests (Orc:2)
  Sonja (Lair:3)
  Amaemon (D:8)
  Nergalle (Lair:1)
  A sixfirhy (D:10)
  5 skeletal warriors (D:14)
  2 skysharks (Lair:5)
  A deep troll (D:9)
  A lindwurm (Lair:3)
  Pikel (D:8)
  2 bog bodies (Lair:3)
  A deep elf pyromancer (D:15)
  3 ugly things
  6 orc sorcerers
  3 manticores
  An oklob plant (Lair:4)
  8 cyclopes
  4 wolf spiders
  A moth of wrath (D:9)
  Maurice (D:9)
  15 elephants
  A guardian serpent (Lair:5)
  An orange demon (D:8)
  2 kobold blastminers (Orc:2)
  6 black mambas
  Maggie (Lair:1)
  2 gargoyles (D:12)
  An ice statue (D:11)
  21 cane toads
  A yaktaur (Volcano)
  13 komodo dragons
  3 kobold demonologists
  2 efreet (D:13)
  An unseen horror (D:12)
  A tengu conjurer (D:14)
  A freezing wraith (D:15)
  10 trolls
  A hellwing (D:10)
  A queen bee (D:10)
  A queen bee (shapeshifter) (D:14)
  A hornet (shapeshifter) (D:15)
  Grinder (D:3)
  Prince Ribbit (D:8)
  9 blink frogs
  A polar bear (Lair:5)
  8 hornets
  13 slime creatures
  Sigmund (D:3)
  3 shadows
  10 wraiths
  16 wyverns
  22 yaks
  6 basilisks
  3 humans (D:12)
  A fire bat (shapeshifter) (D:13)
  3 hogs (D:12)
  Menkaure (D:4)
  4 redbacks
  11 vampire mosquitoes
  A chaos spawn (D:10)
  5 steam dragons
  4 wargs
  An acid dragon (D:10)
  34 water moccasins
  A sky beast (D:4)
  24 orc warriors
  6 ogres
  4 black bears
  2 ice beasts (D:7)
  An ogre (shapeshifter) (D:13)
  5 wolves (Lair:3)
  13 centaurs
  A phantom (D:4)
  A kobold brigand (D:8)
  3 lemures (D:8)
  8 bullfrogs
  2 gnoll sergeants
  A scorpion (D:5)
  4 wights
  30 killer bees
  3 howler monkeys
  An electric eel (Lair:1)
  6 hounds
  2 jellies
  33 orc priests
  3 gnoll boudas
  4 iguanas
  41 orc wizards
  2 sleepcaps
  12 hell rats (Lair:5)
  Robin (D:2)
  7 adders
  33 gnolls
  A shadow imp (D:5)
  A worm (D:4)
  A dart slug (D:4)
  88 orcs
  5 ball pythons
  8 endoplasms
  6 giant cockroaches
  11 hobgoblins
  4 quokkas
  6 bats
  4 frilled lizards
  12 goblins
  7 kobolds
  5 rats
  2 butterflies (Lair:4)
744 creatures vanquished.

Notes
Turn   | Place    | Note
-------+----------+-------------------------------------------
     0 | D:1      | Ge0ff the Kobold Reaver began the quest for the Orb.
     0 | D:1      | Reached XP level 1. HP: 12/12 MP: 3/3
   210 | D:1      | Reached XP level 2. HP: 15/17 MP: 5/5
   447 | D:1      | Reached skill level 1 in Stealth
   532 | D:2      | Reached XP level 3. HP: 12/22 MP: 6/6
   646 | D:2      | Reached XP level 4. HP: 26/27 MP: 7/7
   721 | D:2      | Noticed Robin
   749 | D:2      | Reached skill level 1 in Armour
   772 | D:2      | Reached skill level 5 in Short Blades
   776 | D:2      | Killed Robin
  1039 | D:2      | Reached XP level 5. HP: 32/32 MP: 8/8
  1099 | D:2      | Reached skill level 1 in Ranged Weapons
  1115 | D:2      | Learned a level 2 spell: Poisonous Vapours
  1331 | D:2      | Found a faded altar of an unknown god.
  1760 | D:3      | Noticed a black bear
  1767 | D:3      | Killed a black bear
  1768 | D:3      | Reached skill level 1 in Air Magic
  1768 | D:3      | Reached skill level 1 in Poison Magic
  1768 | D:3      | Reached skill level 1 in Evocations
  1768 | D:3      | Reached XP level 6. HP: 28/37 MP: 9/9
  1849 | D:3      | Noticed Grinder
  1850 | D:3      | Paralysed by Grinder for 2 turns
  1861 | D:3      | Killed Grinder
  1862 | D:3      | Reached XP level 7. HP: 7/41 MP: 10/10
  1864 | D:3      | Noticed Sigmund
  1866 | D:3      | Killed Sigmund
  2557 | D:3      | Reached skill level 5 in Fighting
  2652 | D:4      | Reached skill level 3 in Ranged Weapons
  2652 | D:4      | Reached XP level 8. HP: 42/49 MP: 11/11
  2723 | D:4      | Reached skill level 4 in Ranged Weapons
  2743 | D:3      | Learned a level 3 spell: Mephitic Cloud
  2827 | D:4      | Identified the ring "Utublaps" {Fly rElec rF- Dex+4 Slay+4}
  3052 | D:4      | Reached skill level 5 in Ranged Weapons
  3182 | D:4      | Noticed Menkaure
  3197 | D:4      | Killed Menkaure
  3198 | D:4      | Reached skill level 6 in Ranged Weapons
  3381 | D:4      | Reached skill level 7 in Ranged Weapons
  3414 | D:5      | Entered Level 5 of the Dungeon
  3620 | D:4      | Reached skill level 8 in Ranged Weapons
  3770 | D:4      | Reached XP level 9. HP: 14/54 MP: 12/12
  4015 | D:5      | Reached skill level 9 in Ranged Weapons
  4523 | D:6      | Found a white marble altar of Elyvilon.
  4872 | D:6      | Reached skill level 10 in Ranged Weapons
  5012 | D:6      | Found Suxuzxou's Magic Scroll Shoppe.
  5022 | D:6      | Bought a scroll of brand weapon for 104 gold pieces
  5022 | D:6      | Bought a scroll of identify for 22 gold pieces
  5022 | D:6      | Bought a scroll of identify for 22 gold pieces
  5022 | D:6      | Bought a scroll of identify for 22 gold pieces
  5022 | D:6      | Bought a scroll of teleportation for 33 gold pieces
  5022 | D:6      | Bought a scroll of noise for 11 gold pieces
  5139 | D:6      | Found Iseberph's Jewellery Emporium.
  5248 | D:6      | Found Patuir's Armour Emporium.
  5382 | D:6      | Found Neustrexe's Magic Scroll Boutique.
  5389 | D:6      | Bought 2 scrolls of identify for 60 gold pieces
  5622 | D:6      | Found Suxuzxou's Magic Scroll Shoppe.
  5826 | D:6      | Found Neustrexe's Magic Scroll Boutique.
  5879 | D:6      | Found Iseberph's Jewellery Emporium.
  5980 | D:6      | Found a white marble altar of Elyvilon.
  6175 | D:7      | Reached skill level 11 in Ranged Weapons
  6475 | D:7      | Reached XP level 10. HP: 64/64 MP: 13/13
  6762 | D:7      | Found a shimmering blue altar of Sif Muna.
  6947 | D:7      | Reached skill level 12 in Ranged Weapons
  7003 | D:7      | Found a staircase to the Ecumenical Temple.
  7107 | Temple   | Entered the Ecumenical Temple
  7121 | Temple   | Became a worshipper of Warmaster Okawaru
  7210 | D:7      | Found Wowegu's Book Boutique.
  8088 | D:8      | Noticed Pikel
  8094 | D:8      | Killed Pikel
  8094 | D:8      | Reached * piety under Okawaru
  8095 | D:8      | Reached skill level 13 in Ranged Weapons
  8178 | D:8      | Identified the +6 dagger of the Whale {holy, Dex+3}
  8184 | D:8      | Got the Folio of Hail and the Sun
  8209 | D:8      | Noticed Erica
  8228 | D:8      | Noticed Amaemon
  8231 | D:8      | Noticed Prince Ribbit
  8238 | D:8      | Killed Prince Ribbit
  8239 | D:8      | Noticed an orange demon
  8247 | D:8      | Killed Amaemon
  8247 | D:8      | Reached ** piety under Okawaru
  8493 | D:8      | Killed an orange demon
  8494 | D:8      | Reached skill level 10 in Fighting
  8494 | D:8      | Reached XP level 11. HP: 53/72 MP: 14/14
  8746 | D:8      | Killed Erica
  8746 | D:8      | Reached *** piety under Okawaru
  8747 | D:8      | Reached skill level 14 in Ranged Weapons
  8747 | D:8      | Reached skill level 5 in Evocations
  9084 | D:9      | Found a transporter.
  9102 | D:9      | Found a transporter.
  9104 | D:9      | Noticed a moth of wrath
  9199 | D:9      | Noticed a two-headed ogre
  9204 | D:9      | Killed a two-headed ogre
  9342 | D:9      | Noticed Maurice
  9357 | D:9      | Something stole a staff of death
  9358 | D:9      | Something stole a ring of willpower
  9359 | D:9      | Killed Maurice
  9434 | D:9      | Reached **** piety under Okawaru
  9482 | D:9      | Reached skill level 1 in Invocations
  9585 | D:9      | Found a staircase to the Orcish Mines.
  9737 | D:9      | Found a glowing silver altar of Zin.
  9863 | D:9      | Noticed noobster's ghost (journeyman HuFi)
  9863 | D:9      | Noticed a deep troll
  9957 | D:9      | Reached skill level 15 in Ranged Weapons
 10158 | D:10     | Entered Level 10 of the Dungeon
 10295 | D:10     | Reached ***** piety under Okawaru
 10472 | D:10     | Reached XP level 12. HP: 74/78 MP: 16/16
 10555 | D:10     | Noticed Erolcha
 10563 | D:10     | Killed Erolcha
 10775 | D:10     | Found a staircase to the Lair.
 10846 | D:10     | Reached skill level 5 in Dodging
 10978 | D:10     | Noticed a sixfirhy
 10988 | D:10     | Killed a sixfirhy
 11238 | D:6      | Bought an amulet of regeneration for 390 gold pieces
 12642 | D:11     | Received a gift from Okawaru
 13168 | D:11     | Identified the +4 hand axe of Midsummer {venom, rCorr
                  | Int+3}
 13172 | D:11     | Identified the +7 glaive of Buehudghu {speed, rC++ rCorr
                  | Int-4}
 13416 | D:12     | Reached skill level 16 in Ranged Weapons
 13416 | D:12     | Reached skill level 5 in Invocations
 13650 | D:12     | Received a gift from Okawaru
 13655 | D:12     | Noticed a two-headed ogre
 13659 | D:12     | Killed a two-headed ogre
 13660 | D:12     | Reached XP level 13. HP: 61/84 MP: 17/17
 13687 | D:12     | Noticed Snorg
 13687 | D:12     | Noticed Kirke
 13703 | D:12     | Noticed a centaur warrior
 13706 | D:12     | Killed Kirke
 13734 | D:12     | Killed Snorg
 13795 | D:12     | Killed a centaur warrior
 13796 | D:12     | Reached skill level 5 in Armour
 14082 | D:12     | Noticed Jorgrun
 14230 | Lair:1   | Entered Level 1 of the Lair of Beasts
 14282 | Lair:1   | Noticed Nergalle
 14291 | Lair:1   | Received a gift from Okawaru
 14294 | Lair:1   | Killed Nergalle
 14574 | Lair:1   | Noticed Maggie
 14590 | Lair:1   | Killed Maggie
 14675 | Lair:1   | Reached skill level 17 in Ranged Weapons
 15618 | Lair:2   | Received a gift from Okawaru
 16425 | Lair:2   | Reached XP level 14. HP: 61/92 MP: 18/18
 16430 | Lair:2   | Reached skill level 10 in Evocations
 16516 | Lair:3   | Found a staircase to the Swamp.
 16620 | Lair:3   | Noticed Fannar
 16639 | Lair:3   | Killed Fannar
 16639 | Lair:3   | Reached ****** piety under Okawaru
 16663 | Lair:3   | Acquired the +4 cloak "Cuih Aca" {rElec}
 16663 | Lair:3   | Received a gift from Okawaru
 16695 | Lair:3   | Acquired the +6 orcbow "Towilikh" {flame, rN+ Str+3 SInv}
 16695 | Lair:3   | Received a gift from Okawaru
 16720 | Lair:3   | Noticed Sonja
 16721 | Lair:3   | Killed Sonja
 16801 | Lair:3   | Received a gift from Okawaru
 16863 | Lair:3   | Noticed Rupert
 16925 | Lair:3   | Killed Rupert
 16926 | Lair:3   | Reached skill level 1 in Throwing
 17329 | Lair:3   | Found a staircase to the Snake Pit.
 17596 | Lair:4   | Found a dark tunnel.
 17602 | Volcano  | Entered a volcano
 17815 | Volcano  | Noticed a red draconian
 17822 | Volcano  | Killed a red draconian
 17822 | Volcano  | Received a gift from Okawaru
 18023 | Lair:4   | Found a viscous altar of Jiyva.
 18025 | Lair:4   | Found a staircase to the Slime Pits.
 18662 | Lair:4   | Reached skill level 18 in Ranged Weapons
 19015 | Lair:5   | Entered Level 5 of the Lair of Beasts
 19031 | Lair:5   | Learned a level 2 spell: Blink
 19081 | Lair:4   | Reached XP level 15. HP: 52/99 MP: 20/20
 19227 | Lair:5   | Received a gift from Okawaru
 20133 | Lair:5   | Received a gift from Okawaru
 20134 | Lair:5   | Reached skill level 5 in Throwing
 20823 | D:9      | Killed noobster's ghost
 20841 | D:9      | Found a bloodstained altar of Trog.
 20853 | D:9      | Identified the +2 short sword of Neamnygi {elec, +Blink
                  | rPois rN+}
 20872 | D:9      | Identified the +1 ring mail "Coeg" {Fly Str-5 Int+6 Dex+3}
 20961 | Orc:1    | Entered Level 1 of the Orcish Mines
 21191 | Orc:2    | Entered Level 2 of the Orcish Mines
 21208 | Orc:2    | Noticed an orc warlord
 22093 | Orc:2    | Found a staircase to the Elven Halls.
 22305 | Orc:2    | Killed an orc warlord
 22305 | Orc:2    | Received a gift from Okawaru
 22331 | Orc:2    | Reached XP level 16. HP: 107/107 MP: 20/22
 22533 | Orc:2    | Found Peesaurch's General Store.
 22534 | Orc:2    | Found Bygh's Antique Armour Shoppe.
 22536 | Orc:2    | Found Qudopn's Antique Armour Emporium.
 22536 | Orc:2    | Found Sohok's General Store.
 22540 | Orc:2    | Bought a pitted scale mail for 189 gold pieces
 22540 | Orc:2    | Identified the +0 scale mail of the Ferocious God {^Contam
                  | *Corrode Fly Dex+8} (You bought it in a shop on level 2 of
                  | the Orcish Mines)
 22854 | D:12     | Killed Jorgrun
 23046 | D:12     | Identified the +1 scale mail "Womely" {rC+ Stlth+}
 23252 | D:13     | Found Gifuega's Weapon Boutique.
 23256 | D:13     | Bought the +4 arbalest "Cofof" {elec, ^Contam rElec Str+2
                  | Dex+2} for 768 gold pieces
 23932 | D:13     | Reached skill level 10 in Dodging
 23984 | D:13     | Found a gate to the Vaults.
 24448 | D:14     | Found a portal to a secret trove of treasure.
 24460 | Trove    | Entered a treasure trove
 24477 | Trove    | Identified the +7 shortbow of Hurting Slow Death {freeze,
                  | rF+ Int+2}
 24479 | Trove    | Identified the +3 quick blade "Qaon" {heavy, *Slow rN+
                  | rCorr Str+7}
 24493 | Trove    | Identified the ring "Syciucwein" {*Corrode rElec rPois rF-
                  | Dex+6}
 24613 | D:14     | Reached skill level 15 in Fighting
 24706 | D:14     | Reached skill level 19 in Ranged Weapons
 24842 | D:14     | Noticed Nessos
 24851 | D:14     | Killed Nessos
 25252 | D:14     | Found Myshruzy's Assorted Antiques.
 25517 | D:14     | Found Myshruzy's Assorted Antiques.
 26062 | D:15     | Entered Level 15 of the Dungeon
 26105 | D:15     | Noticed Josephine
 26117 | D:15     | Killed Josephine
 26323 | D:15     | Killed from afar by an occultist

Illustrated notes

Levels and vault maps discovered:
D:1:      scummos_arrival_simple_fountains, layout_rooms
D:2:      layout_basic, ebering_ecumenical_altar_petrified, uniq_robin
D:3:      layout_basic, uniq_sigmund, uniq_grinder
D:4:      layout_rooms, uniq_menkaure
D:5:      layout_cave_pools
D:6:      layout_loops_ring, nicolae_overflow_crystal_walls, serial_shops,
          nicolae_shop_tiny_glass, nicolae_shop_crystal,
          nicolae_inconvenience_store, shop
D:7:      layout_basic, lemuel_doored_altar, minmay_temple_entry_large_hall,
          serial_shops, nicolae_shop_behind_doors, minmay_chambers_of_fives
D:8:      layout_loops_cross, uniq_prince_ribbit1, uniq_erica, uniq_pikel,
          uniq_amaemon
D:9:      layout_roguey, amcnicky_altar_gilded, hiddenorc1_lemuel,
          gammafunk_ghost_wrathful_warriors, uniq_maurice
D:10:     layout_roguey [special_room_bee], minmay_lair_entry_grove,
          serial_demonic, serial_demonic_e, serial_demonic_b, serial_demonic_g,
          serial_demonic_g, uniq_erolcha
D:11:     layout_grid_maze, minmay_statue_bubble
D:12:     layout_roguey, small_chamber_with_monster, kennysheep_generic_room_10,
          uniq_jorgrun, uniq_snorg, uniq_kirke
D:13:     layout_roguey, david_vaults_5, serial_shops, shop
D:14:     layout_loops_ring, serial_shops, nicolae_shop_window_shopping,
          enter_trove_6, uniq_nessos
D:15:     grunt_enter_depths_magical_seal, layout_rooms, minmay_misc_feat_room,
          eino_house_with_fridge, uniq_josephine
Temple:   compressed_dpeg_triangle_lava_temple
Lair:1:   layout_cave_pods, serial_bayou_shore_a, uniq_maggie, uniq_nergalle
Lair:2:   layout_regular_city
Lair:3:   layout_cave_shapes, skrybe_swamp_entry_bodies,
          minmay_snake_entry_six_corridors, dreamdust_wasp_nest, uniq_sonja,
          uniq_rupert, uniq_fannar
Lair:4:   layout_regular_city, minmay_slime_entry_oklob_enclosed,
          enter_volcano_2, serial_bayou_pond_e, lemuel_fruit_tree,
          grunt_megastairs_5, lemuel_fruit_fields
Lair:5:   hangedman_lair_tendril_chambers, layout_gridlike
Orc:1:    nicolae_orc_accident_3, layout_caves, mines2_david
Orc:2:    st_orc_mages, layout_caves

Skill      XL: |  1  2  3  4  5  6  7  8  9 10 11 12 13 14 15 16 |
---------------+-------------------------------------------------+-----
Stealth        | 1 2 3 |  3.0
Dodging        | 3 4 5 6 8 9 10 | 10.5
Armour         | 1 2 4 5 7 8 |  8.7
Short Blades   | 5 |  5.0
Fighting       | 3 5 7 10 11 12 13 14 15 | 15.4
Ranged Weapons | 1 3 8 11 13 15 16 17 18 19 | 19.2
Air Magic      | 1 2 3 |  3.0
Poison Magic   | 1 2 3 |  3.0
Evocations     | 1 3 4 7 9 11 12 | 12.6
Invocations    | 2 5 6 7 8 9 |  9.3
Spellcasting   | 3 |  3.0
Throwing       | 3 5 6 |  6.0
Conjurations   | |  3.0

Action                     |  1- 3 |  4- 6 |  7- 9 | 10-12 | 13-15 | 16-18 || total
---------------------------+-------+-------+-------+-------+-------+-------++-------
  Melee: Short sword       |    26 |       |       |       |       |       ||    26
         Spear             |    18 |    99 |   160 |       |       |       ||   277
         Punch             |       |     1 |     2 |       |       |       ||     3
   Fire: Arbalest          |       |       |    85 |   453 |   949 |   301 ||  1788
         Shortbow          |       |       |    16 |       |       |       ||    16
         Orcbow            |       |       |       |       |    10 |     1 ||    11
  Throw: Dart              |       |       |     4 |       |     8 |       ||    12
         Throwing net      |       |       |       |     1 |     1 |       ||     2
 Invoke: Finesse           |       |       |       |     1 |     8 |     1 ||    10
         Heroism           |       |       |       |       |    10 |       ||    10
         Receive Weapon    |       |       |       |       |     1 |       ||     1
         Receive Armour    |       |       |       |       |     1 |       ||     1
  Evoke: Wand              |       |     5 |     6 |     8 |     9 |     2 ||    30
    Use: Scroll            |       |     1 |    10 |     9 |    14 |     9 ||    43
         Potion            |       |       |       |     1 |     1 |     2 ||     4
   Stab: Sleeping          |     8 |     9 |    14 |       |       |       ||    31
 Armour: Leather armour    |    15 |    32 |   131 |    57 |       |       ||   235
         Steam dragon scal |       |       |       |   111 |   297 |       ||   408
         Swamp dragon scal |       |       |       |       |    67 |   105 ||   172
  Dodge: Dodged            |    22 |    50 |   195 |   223 |   626 |   149 ||  1265

Table legend: (Time is in decaauts)
 A = Elapsed time spent in this place.
 B = Non-inter-level travel time spent in this place.
 C = Inter-level travel time spent in this place.
 D = Time resting spent in this place.
 E = Time spent auto-exploring this place.
 F = Levels seen in this place.
 G = Mean time per level.
                   A        B        C        D        E       F      G
               +--------+--------+--------+--------+--------+-----+--------+
         Total |  26426 |  24301 |   2125 |    952 |  18173 |  25 | 1057.0 |
       Dungeon |  18076 |  16557 |   1519 |    530 |  12829 |  15 | 1205.1 |
        Temple |     27 |      2 |     25 |      0 |      0 |   1 |   27.0 |
          Lair |   6131 |   5697 |    434 |    271 |   4176 |   5 | 1226.2 |
  Orcish Mines |   1744 |   1599 |    145 |    117 |    940 |   2 |  872.0 |
         Trove |     90 |     90 |      0 |      0 |      0 |   1 |   90.0 |
       Volcano |    355 |    355 |      0 |     34 |    228 |   1 |  355.0 |
               +--------+--------+--------+--------+--------+-----+--------+

Top non-repeatable levels by time:
    D:14: 1833 daAuts
    D:11: 1745 daAuts
     D:7: 1668 daAuts
     D:6: 1640 daAuts
  Lair:5: 1577 daAuts
     D:8: 1376 daAuts
    D:10: 1367 daAuts
     D:9: 1338 daAuts
    D:12: 1272 daAuts
  Lair:4: 1265 daAuts
  Lair:2: 1239 daAuts
     D:4: 1221 daAuts
  Lair:1: 1120 daAuts
     D:3: 1003 daAuts
     D:2: 1000 daAuts
